 Dungeon Crawl Stone Soup version 0.23.0 (webtiles) character file.

Game seed: 10281979895958545364

2130 poirepourri the Cleaver (level 9, -2/74 HPs)
             Began as a Deep Dwarf Fighter on Feb 15, 2019.
             Slain by an ogre
             ... wielding a +0 giant club
              (14 damage)
             ... on level 6 of the Dungeon.
             The game lasted 00:04:51 (3794 turns).

poirepourri the Cleaver (Deep Dwarf Fighter)        Turns: 3794, Time: 00:04:52

Health: -2/74      AC: 11    Str: 19    XL:     9   Next: 8%
Magic:  5/5        EV:  7    Int: 10    God:
Gold:   458        SH: 10    Dex: 15    Spells: 8/8 levels left

rFire    . . .     SeeInvis +   a - +0 war axe
rCold    + . .     Gourm    .   c - +1 shield
rNeg     . . .     Faith    .   b - +0 scale mail
rPois    .         Spirit   .   (no helmet)
rElec    .         Reflect  .   q - +0 cloak (curse)
rCorr    .         Harm     .   (no gloves)
MR       +....                  o - +2 pair of boots
Stlth    ..........             (no amulet)
HPRegen  0.00/turn              e - ring of protection from cold
MPRegen  0.09/turn              h - ring of see invisible

@: non-regenerating
A: damage resistance, heal wounds, sense surroundings 2, no regeneration
a: Heal Wounds


You were on level 6 of the Dungeon.
You were not hungry.

You visited 1 branch of the dungeon, and saw 6 of its levels.

You collected 458 gold pieces.

Inventory:

Hand Weapons
 a - a +0 war axe (weapon)
Armour
 b - a +0 scale mail (worn)
 c - a +1 shield (worn)
 o - a +2 pair of boots (worn)
 q - a cursed +0 cloak (worn)
Jewellery
 e - a ring of protection from cold (left hand)
 h - a ring of see invisible (right hand)
 n - an uncursed ring of flight
Wands
 j - a wand of digging (7)
 p - a wand of polymorph (6)
Scrolls
 l - a scroll of identify
 m - a scroll of teleportation
 r - a scroll of noise {unknown}
Potions
 d - a potion of degeneration
 g - a potion of resistance
 i - 2 potions of lignification
 k - a potion of berserk rage
 s - a potion of curing
Comestibles
 f - 11 rations


   Skills:
 - Level 2.6 Fighting
 + Level 12.8 Axes
 - Level 3.2 Armour
 - Level 3.2 Shields


You had 8 spell levels left.
You didn't know any spells.
Your spell library was empty.

Dungeon Overview and Level Annotations

Branches:
Dungeon (6/15)
 Temple: D:4-7

Altars:
Ashenzari
Dithmenos
Nemelex Xobeh
The Shining One


Innate Abilities, Weirdness & Mutations

You are resistant to damage.
You can heal yourself by infusing magical energy.
You passively map the area around you.
You do not regenerate.


Message History

Unknown command.
s - a potion of curing You now have 443 gold pieces (gained 12).
Key pressed, stopping explore.
Key pressed, stopping explore.
You now have 458 gold pieces (gained 15).
Found a stone staircase leading up.
An ogre comes into view. It is wielding a +0 giant club.
The ogre shouts!
Found a stone staircase leading down.
An orc comes into view.
The orc shouts!
You hear a shout!
An orc comes into view. It is wielding a +0 mace.
Your shield prevents you from hitting the ogre.
The orc shouts!
You hear a shout!
Your shield and scale mail prevent you from hitting the ogre.
An orc comes into view. It is wielding a +0 mace.
An orc wizard comes into view. It is wielding a +0 dagger.
The ogre hits you with a +0 giant club!
You die...

* ** *,* * #.##### * ,
, #.##.. , , *** #.##.#
* *.#.#########.##.#
................#######
.#####.#....##........
* * #.#.#####.####### *
#.#####.#.# #.####### *
, #....O@.#.# #........
#>####..#.# ######### *
.#.... * * * * .###<.#,
* *.# *#.# *, * .# ##.
* * o# * #. * *, oo **
*.# * *, , , , ,


You could see an ogre, an orc wizard (wandering) and 2 orcs.

Vanquished Creatures
  A troll (D:6)
  Grinder (D:3)
  Sigmund (D:3)
  Menkaure (D:4)
  Duvessa (D:4)
  A sky beast (D:5)
  2 ogres (D:4)
  A phantom (D:4)
  Blork the orc (D:5)
  Dowan (D:4)
  2 howler monkeys
  A crimson imp (D:6)
  A bullfrog skeleton (D:5)
  5 orc priests
  Crazy Yiuf (D:5)
  Jessica (D:2)
  An iguana (D:5)
  Natasha (thrice) (D:4)
  6 orc wizards
  A howler monkey zombie (D:5)
  4 gnolls (D:4)
  7 adders
  3 oozes
  3 worms
  4 dart slugs (D:3)
  3 leopard geckos
  23 orcs
  6 giant cockroaches
  8 goblins
  5 hobgoblins
  4 jackals (D:3)
  3 quokkas
  3 ball pythons
  9 bats
  3 frilled lizards
  A jackal skeleton (D:4)
  8 kobolds
  A leopard gecko skeleton (D:4)
  10 rats
141 creatures vanquished.

Vanquished Creatures (others)
  4 toadstools (D:1)
4 creatures vanquished.

Grand Total: 145 creatures vanquished

Notes
Turn   | Place    | Note
-------+----------+-------------------------------------------
     0 | D:1      | poirepourri the Deep Dwarf Fighter began the quest for the
                  | Orb.
     0 | D:1      | Reached XP level 1. HP: 20/20 MP: 1/1
   164 | D:1      | Reached skill level 3 in Axes
   164 | D:1      | Reached XP level 2. HP: 27/27 MP: 2/2
   416 | D:1      | Reached XP level 3. HP: 28/33 MP: 3/3
   485 | D:1      | Reached skill level 4 in Axes
   977 | D:2      | Found a shadowy altar of Dithmenos.
  1163 | D:2      | Noticed Jessica
  1169 | D:2      | Killed Jessica
  1169 | D:2      | Reached skill level 5 in Axes
  1169 | D:2      | Reached XP level 4. HP: 15/40 MP: 4/4
  1376 | D:2      | Found a shattered altar of Ashenzari.
  1443 | D:3      | HP: 1/40 [orc priest/+0 flail (4)]
  1445 | D:3      | Reached skill level 6 in Axes
  1445 | D:3      | Reached XP level 5. HP: 28/46 MP: 5/5
  1471 | D:3      | Noticed Grinder
  1487 | D:3      | Paralysed by Grinder for 6 turns
  1498 | D:3      | Paralysed by Grinder for 7 turns
  1506 | D:3      | Killed Grinder
  1506 | D:3      | Reached skill level 7 in Axes
  1506 | D:3      | Reached XP level 6. HP: 12/55 MP: 6/6
  1526 | D:3      | Found a glowing golden altar of the Shining One.
  1810 | D:3      | Reached skill level 8 in Axes
  2002 | D:3      | Reached XP level 7. HP: 49/61 MP: 7/7
  2089 | D:3      | Noticed Sigmund
  2118 | D:3      | Killed Sigmund
  2118 | D:3      | Reached skill level 9 in Axes
  2376 | D:4      | Noticed Menkaure
  2381 | D:4      | Noticed Dowan
  2387 | D:4      | Killed Menkaure
  2387 | D:4      | Reached skill level 10 in Axes
  2391 | D:4      | Killed Dowan
  2392 | D:4      | Noticed Duvessa
  2398 | D:4      | HP: 3/61 [ogre/+0 giant club (21)]
  2408 | D:4      | Reached XP level 8. HP: 45/68 MP: 7/7
  2450 | D:4      | Killed Duvessa
  2466 | D:4      | Noticed Natasha
  2476 | D:4      | Reached skill level 11 in Axes
  2478 | D:4      | Killed Natasha
  2668 | D:4      | Noticed Natasha
  2678 | D:4      | Killed Natasha
  2987 | D:4      | Noticed Natasha
  2999 | D:4      | Killed Natasha
  3030 | D:5      | Entered Level 5 of the Dungeon
  3107 | D:5      | Found a runed translucent door.
  3108 | D:5      | Noticed Crazy Yiuf
  3136 | D:5      | Noticed Blork the orc
  3141 | D:5      | Killed Blork the orc
  3180 | D:5      | Reached skill level 12 in Axes
  3203 | D:5      | Found a sparkling altar of Nemelex Xobeh.
  3663 | D:5      | Killed Crazy Yiuf
  3731 | D:6      | Noticed a troll
  3738 | D:6      | Killed a troll
  3738 | D:6      | Gained mutation: You passively map the area around you.
                  | [Deep Dwarf growth]
  3738 | D:6      | Reached XP level 9. HP: 12/74 MP: 5/5
  3794 | D:6      | Slain by an ogre

Skill      XL: |  1  2  3  4  5  6  7  8 |
---------------+-------------------------+-----
Axes           | 3 5 6 7 8 10 12 | 12.8
Fighting       | |  2.6
Armour         | |  3.2
Shields        | |  3.2

Action                   |  1- 3 |  4- 6 |  7- 9 || total
-------------------------+-------+-------+-------++-------
Melee: War axe           |   124 |   123 |   239 ||   486
 Abil: Heal Wounds       |       |     4 |     9 ||    13
  Use: Scroll            |     7 |     3 |     3 ||    13
       Potion            |     1 |     3 |     3 ||     7
  Eat: Ration            |     1 |       |     2 ||     3
Armor: Scale mail        |    48 |    53 |    41 ||   142
Dodge: Dodged            |    39 |    26 |    42 ||   107
Block: Shield            |    72 |    72 |   116 ||   260
